cohdb
Replays
Latest Replays
All Replays
Popular Replays
Top Player Replays
Match Explorer
How It Works
Community
CoH3 Stats
Reddit
Sign in to upload your games and track your stats! →
Sign in with Steam
Match 39936450
Unlisted
Match 39936450
Overview
Messages
Build Orders
End
Selects Armored Battlegroup
Selects Assault Engineers
Assault Engineer Squad
Assault Engineer Squad
Assault Engineer Squad
Construct Medical Station
Assault Engineer Squad
Infantry Support Center
Selects Field Repairs
Construct Barracks
Construct Motor Pool
M24 Chaffee Light Tank
SmashMG
苏大大
SSSlippy
Nuclear Viking
Ghaell
Corsair
0
0
Comments
sign in to comment!
No comments posted yet!